 Dungeon Crawl Stone Soup version 0.30-a0-711-gf4ac18a38d (webtiles) character file.

Game seed: 11176164271961117601

238 Crownlay the Purveyor of Pain (level 5, -4/35 HPs)
             Began as a Demonspawn Necromancer on Jan 22, 2023.
             Was an Initiate of Kikubaaqudgha.
             Killed by divine providence
             ... invoked by an orc priest
              (11 damage)
             ... on level 5 of the Dungeon.
             The game lasted 00:05:26 (4182 turns).

Crownlay the Purveyor of Pain (DsNe)                Turns: 4182, Time: 00:05:27

Health: -4/35      AC:  3    Str:  9    XL:     5   Next: 78%
Magic:  5/8        EV: 12    Int: 18    God:    Kikubaaqudgha [......]
Gold:   129        SH:  4    Dex: 13    Spells: 3/8 levels left

rFire   . . .      SeeInvis .    j - +2 lajatang (vamp)
rCold   . . .      Faith    .    (shield currently unavailable)
rNeg    . . .      Spirit   .    a - +0 robe
rPois   .          Reflect  .    (no helmet)
rElec   .          Harm     .    v - +0 cloak
rCorr   .          Rampage  .    (no gloves)
Will    .....                    (no boots)
Stlth   ++                       (no amulet)
HPRegen 0.25/turn                (no ring)
MPRegen 0.11/turn                (no ring)

@: animating dead
A: large bone plates 1, ignite blood 1
a: Renounce Religion


You were on level 5 of the Dungeon.
You worshipped Kikubaaqudgha.
Kikubaaqudgha was noncommittal.
You visited 1 branch of the dungeon, and saw 5 of its levels.

You collected 129 gold pieces.

Inventory:

Hand Weapons
 j - a +2 vampiric lajatang (weapon)
Armour
 a - a +0 robe (worn)
 v - a +0 cloak (worn)
Jewellery
 n - a ring of fire
 u - a +5 ring of evasion
Wands
 t - a wand of roots (12)
Scrolls
 c - 2 scrolls of magic mapping
 f - a scroll of noise {unknown}
 g - 5 scrolls of fog
 i - a scroll of amnesia {unknown}
 m - 2 scrolls of teleportation {unknown}
 o - 2 scrolls of brand weapon {unknown}
Potions
 b - a potion of magic
 d - 2 potions of heal wounds {unknown}
 e - a potion of brilliance {unknown}
 h - a potion of resistance {unknown}
 k - a potion of might {unknown}
 l - a potion of flight
 p - a potion of mutation {unknown}
 q - a potion of curing
 r - a potion of degeneration {unknown}
 s - a potion of berserk rage {unknown}


   Skills:
 - Level 1.7 Dodging
 - Level 1.7 Stealth
 - Level 2.0 Spellcasting
 + Level 7.8 Necromancy


You had 3 spell levels left.
You knew the following spells:

 Your Spells              Type           Power      Damage    Failure   Level
a - Necrotise             Necr           100%       1d9       1%          1
b - Animate Dead          Necr           30%        N/A       7%          4

Your spell library contained the following spells:

 Spells                   Type           Power      Damage    Failure   Level
 Sublimation of Blood     Necr           30%        N/A       1%          2
 Vampiric Draining        Necr           30%        2d8       2%          3
 Ensorcelled Hibernation  Hex/Ice        2%         N/A       26%         2
 Wereblood                Tmut           1%         N/A       26%         2
 Spider Form              Tmut/Pois      1%         N/A       47%         3
 Agony                    Necr           30%        N/A       21%         5
 Anguish                  Hex/Necr       7%         N/A       34%         4
 Summon Hydra             Summ           0%         N/A       100%        7


Dungeon Overview and Level Annotations

Branches:
Dungeon (5/15)
 Temple: D:4-7

Altars:
Ashenzari
Kikubaaqudgha
Ru
Uskayaw


Innate Abilities, Weirdness & Mutations

You are partially covered in large bone plates. (SH +4)
Your demonic aura sometimes causes spilled blood to erupt in flames.


Message History

The orc wizard is heavily wounded.
The orc wizard barely misses you. The orc closely misses you.
You hit the orc wizard.
The orc wizard is heavily wounded.
The orc wizard closely misses you. The orc barely misses you. x2
The orc wizard hits you but does no damage.
You barely miss the orc wizard.
The orc wizard is heavily wounded.
The orc wizard hits you with a +0 dagger.
The orc hits you with a +0 club.
You barely miss the orc wizard.
The orc wizard is heavily wounded.
The orc wizard closely misses you. The orc hits you with a +0 club.
You closely miss the orc wizard.
The orc wizard is heavily wounded.
You block the orc wizard's attack. The orc hits you with a +0 club.
The orc hits you but does no damage. You block the orc wizard's attack.
You closely miss the orc wizard.
The orc wizard is heavily wounded.
The orc wizard hits you but does no damage.
The orc barely misses you.
The orc wizard attacks as you move away!
The orc wizard hits you with a +0 dagger.
The orc wizard casts a spell at you. The magic dart hits you.
The orc hits you but does no damage.
You barely miss the orc wizard.
The orc wizard is heavily wounded.
The orc wizard hits you with a +0 dagger.
* * * LOW HITPOINT WARNING * * *
The orc hits you but does no damage. The orc hits you with a +0 club.
* * * LOW HITPOINT WARNING * * *
The orc wizard hits you with a +0 dagger.
* * * LOW HITPOINT WARNING * * *
You barely miss the orc wizard.
The orc wizard is heavily wounded.
The orc wizard barely misses you. The orc completely misses you.
The orc priest calls down the wrath of Beogh upon you.
Beogh smites you!
You die...
Kikubaaqudgha rasps: "You have failed me!
Welcome... death!"

#.# ### #.# #.. #.# #.#
#.# #.# ### #.# ##.####
.. #.# #####...... #.
#.# #..........
######o###$###.###......
....ooo@...>...# ##.##.#
###################.##.#
#.....<..# #.........
#####..... #..... #.....
#..#.# #..#.#


You could see an orc priest, an orc wizard and 2 orcs.

Vanquished Creatures
  A scorpion (D:4)
  A howler monkey (D:4)
  A jelly (D:4)
  6 adders
  A worm (D:2)
  An orc (D:3)
  2 endoplasms
  2 giant cockroaches
  6 goblins
  3 hobgoblins
  6 quokkas
  6 ball pythons
  2 bats (D:1)
  6 kobolds
  7 rats
51 creatures vanquished.

Vanquished Creatures (collateral kills)
  An orc (D:3)
  A hobgoblin (D:2)
  A ball python (D:1)
3 creatures vanquished.

Vanquished Creatures (others)
  An adder zombie (D:5)
  A plant (D:4)
2 creatures vanquished.

Grand Total: 56 creatures vanquished

Notes
Turn   | Place    | Note
-------+----------+-------------------------------------------
     0 | D:1      | Crownlay the Demonspawn Necromancer began the quest for the
                  | Orb.
     0 | D:1      | Reached XP level 1. HP: 13/13 MP: 3/3
   356 | D:1      | Gained mutation: You are partially covered in large bone
                  | plates. (SH +4) [demonic ancestry]
   356 | D:1      | Reached XP level 2. HP: 19/19 MP: 3/5
   490 | D:1      | Reached skill level 5 in Necromancy
  1151 | D:2      | Found a sacrificial altar of Ru.
  1322 | D:2      | Gained mutation: Your demonic aura sometimes causes spilled
                  | blood to erupt in flames. [demonic ancestry]
  1322 | D:2      | Reached XP level 3. HP: 24/24 MP: 1/6
  1970 | D:2      | Identified a scroll of acquirement
  1988 | D:3      | Acquired a +2 vampiric lajatang
  2015 | D:3      | Found a hide-covered altar of Uskayaw.
  2016 | D:3      | Found an ancient bone altar of Kikubaaqudgha.
  2045 | D:3      | Became a worshipper of Kikubaaqudgha
  2138 | D:3      | Reached skill level 6 in Necromancy
  2323 | D:3      | Reached XP level 4. HP: 30/30 MP: 5/7
  3257 | D:4      | Learned a level 4 spell: Animate Dead
  3539 | D:4      | Found a broken altar of Ashenzari.
  3624 | D:4      | Reached skill level 7 in Necromancy
  3624 | D:4      | Reached XP level 5. HP: 35/35 MP: 3/8
  4135 | D:5      | Entered Level 5 of the Dungeon
  4182 | D:5      | Killed from afar by an orc priest

Illustrated notes

Levels and vault maps discovered:
D:1:      dreamdust_arrival_beginning_and_end, layout_loops_corners
D:2:      layout_basic, basic_altar, amcnicky_mini_rare_corridor_liquid
D:3:      layout_basic, gammafunk_temple_overflow_forgotten
D:4:      layout_loops_corners, nicolae_ashenzari_panopticon, serial_bayou,
          serial_bayou_pond_e, serial_bayou_lagoon_a, serial_bayou_crossing,
          serial_bayou_pond_c
D:5:      layout_loops_ring, uniq_crazy_yiuf_cottage, uniq_duvessa

Skill      XL: |  1  2  3  4 |
---------------+-------------+-----
Necromancy     | 5 6 7 |  7.8
Dodging        | |  1.7
Stealth        | |  1.7
Spellcasting   | |  2.0

Action                     |  1- 3 |  4- 6 || total
---------------------------+-------+-------++-------
  Melee: Dagger            |    16 |       ||    16
         Punch             |     2 |       ||     2
         Lajatang          |     1 |    33 ||    34
   Cast: Necrotise         |    57 |    26 ||    83
         Animate Dead      |       |     4 ||     4
    Use: Scroll            |     4 |     2 ||     6
 Armour: Robe              |     1 |    10 ||    11
  Dodge: Dodged            |    17 |    33 ||    50
  Block: Other             |     4 |    12 ||    16

Table legend: (Time is in decaauts)
 A = Elapsed time spent in this place.
 B = Non-inter-level travel time spent in this place.
 C = Inter-level travel time spent in this place.
 D = Time resting spent in this place.
 E = Time spent auto-exploring this place.
 F = Levels seen in this place.
 G = Mean time per level.
                   A        B        C        D        E       F      G
               +--------+--------+--------+--------+--------+-----+--------+
         Total |   4217 |   4113 |    104 |      0 |   3685 |   5 |  843.4 |
       Dungeon |   4217 |   4113 |    104 |      0 |   3685 |   5 |  843.4 |
               +--------+--------+--------+--------+--------+-----+--------+

Top non-repeatable levels by time:
     D:4: 1134 daAuts
     D:1: 1106 daAuts
     D:3: 1044 daAuts
     D:2: 879 daAuts
     D:5: 52 daAuts
